 Seeded DCSS version 0.30.1-11-g7821555f0a (webtiles) character file.

Game seed: 6634567628223944250 (custom seed)

3837 fireball365 the Cleaver (level 10, -2/88 HPs)
             Began as a Hill Orc Fighter on Dec 8, 2023.
             Was an Initiate of Gozag.
             Killed from afar by an acid dragon (14 damage)
             ... with a splash of acid
             ... on level 8 of the Dungeon.
             The game lasted 00:20:19 (8076 turns).

fireball365 the Cleaver (Hill Orc Fighter)          Turns: 8076, Time: 00:20:19

Health: -2/88      AC: 11    Str: 24    XL:     10   Next: 18%
Magic:  10/10      EV: 11    Int:  8    God:    Gozag
Gold:   441        SH:  6    Dex: 16    Spells: 9/9 levels left

rFire   + . .        a - +0 war axe (venom)
rCold   . . .        c - +0 buckler
rNeg    . . .        b - +1 scale mail
rPois   .            e - +2 hat
rElec   .            j - +2 cloak
rCorr   .            (no gloves)
SInv    .            g - +0 pair of boots
Will    .....        (no amulet) Stlth
                     v - +6 ring of dexterity
HPRegen 0.34/turn    (no ring)
MPRegen 0.12/turn

%: clarity
@: corroded, gold aura
A: horns 1, clarity, fire resistance 1, sense surroundings 1, screaming 1
a: Renounce Religion, Potion Petition, Call Merchant, Bribe Branch


You were on level 8 of the Dungeon.
You worshipped Gozag.
Gozag was aware of your devotion.
You visited 1 branch of the dungeon, and saw 8 of its levels.

You collected 662 gold pieces.
You spent 101 gold pieces at shops.
You paid 120 gold pieces to Gozag.

Inventory:

Hand Weapons
 a - a +0 war axe of venom (weapon)
 B - a +0 battleaxe
Missiles
 i - 8 boomerangs (quivered)
Armour
 b - a +1 scale mail (worn)
 c - a +0 buckler (worn)
 e - a +2 hat (worn)
 g - a +0 pair of boots (worn)
 j - a +2 cloak (worn)
 C - a +0 plate armour
Jewellery
 n - an amulet of magic regeneration
 v - a +6 ring of dexterity (left hand)
 A - a ring of poison resistance
Wands
 h - a wand of polymorph (22)
 x - a wand of paralysis (4)
Scrolls
 f - 2 scrolls of amnesia
 k - 4 scrolls of teleportation
 l - 4 scrolls of identify
 p - a scroll of poison
 q - a scroll of enchant armour
 r - a scroll of immolation
 u - a scroll of butterflies
 w - a scroll of blinking
 y - a scroll of fear
Potions
 d - 5 potions of might
 m - 2 potions of brilliance
 s - a potion of heal wounds
 t - a potion of invisibility
 z - a potion of berserk rage {unknown}
 D - a potion of cancellation
 E - a potion of flight {unknown}


   Skills:
 + Level 8.2 Fighting
 + Level 12.1 Axes
 + Level 8.0 Armour
 + Level 3.6 Dodging
 + Level 1.1 Stealth
 + Level 5.5 Shields


You had 9 spell levels left.
You didn't know any spells.
Your spell library contained the following spells:

 Spells                   Type           Power      Damage    Failure   Level
 Slow                     Hex            0%         N/A       75%         1
 Sting                    Tmut/Pois      0%         1d3       75%         1
 Cigotuvi's Dreadful Rot  Necr/Pois/Air  0%         N/A       86%         2
 Ensorcelled Hibernation  Hex/Ice        0%         N/A       86%         2
 Passwall                 Tmut/Erth      0%         N/A       86%         2
 Poisonous Vapours        Pois/Air       0%         N/A       86%         2
 Confusing Touch          Hex            0%         N/A       98%         3
 Hailstorm                Conj/Ice       0%         3d3       98%         3
 Portal Projectile        Hex/Tloc       0%         N/A       98%         3
 Swiftness                Air            0%         N/A       98%         3
 Tukima's Dance           Hex            0%         N/A       98%         3
 Vampiric Draining        Necr           0%         2d6       98%         3
 Dispel Undead            Necr           0%         3d6       100%        4
 Ice Form                 Ice/Tmut       0%         N/A       100%        4
 Olgreb's Toxic Radiance  Pois           0%         N/A       100%        4
 Blade Hands              Tmut           0%         N/A       100%        5
 Death Channel            Necr           0%         N/A       100%        6
 Simulacrum               Ice/Necr       Unusable   N/A       N/A         6

Dungeon Overview and Level Annotations

Branches:
Dungeon (8/15)             Temple (0/1) D:4
   Lair: D:8-11

Altars:
Ashenzari
Fedhas
Gozag
Hepliaklqana
Kikubaaqudgha
Makhleb
Qazlal
Ru
Vehumet
The Shining One

Shops:
D:4 =*[(   D:8 (


Innate Abilities, Weirdness & Mutations

You have a pair of small horns on your head.
You possess an exceptional clarity of mind.
Your flesh is heat resistant. (rF+)
You passively map a small area around you.
You occasionally shout uncontrollably at your foes.


Message History

The polar bear bites you but does no damage.
The polar bear claws you but does no damage.
The polar bear barely misses you.
You kill the ufetubus!
There is an open door here.
You hit the polar bear but do no damage.
The polar bear is poisoned.
The polar bear bites you.
* * * LOW HITPOINT WARNING * * *
The polar bear claws you but does no damage.
The polar bear barely misses you.
You slash the polar bear!
The polar bear looks as sick as possible!
The polar bear is moderately wounded.
The polar bear bites you!
* * * LOW HITPOINT WARNING * * *
The polar bear claws you but does no damage. x2
You hit the polar bear but do no damage.
The polar bear is moderately wounded.
You slash the polar bear!
The polar bear looks as sick as possible!
Your headbutt misses the polar bear.
The polar bear is heavily wounded.
The polar bear misses you. The polar bear claws you.
* * * LOW HITPOINT WARNING * * *
The polar bear claws you but does no damage.
You feel better.
The polar bear goes berserk!
Unknown command.
You hit the polar bear.
The polar bear looks as sick as possible!
The polar bear is almost dead.
The polar bear bites you!
* * * LOW HITPOINT WARNING * * *
The polar bear closely misses you. x3; You block the polar bear's attack.
The polar bear claws you but does no damage.
You slash the polar bear!
You kill the polar bear!
The acid dragon spits acid at you. The splash of acid hits you!
You die...
Your body crumbles into a pile of gold.

* ≈..~.....,, .... *
S..~.~#.#, #..#*** *
...~~~#.# ** #..# .~~~..#.#
#..##### * ..~~~~..#
##...... * ### ∩..~....#
##.....##* #... ...~....#
##.......####.. , *
,...~.~.$####.....)...##.# ,
~~.≈≈~...D$@....)....'..####
.~~≈≈~..####.........#..#...
* .~.~~~..#
###.#....####)... ,.~~~~~#.#
##...##..## ##)..
~≈≈≈.##.###.§§..#### ##.###
~ ~≈~~. #.##.§§....# #...#.
~ ~~.~~ #.###.§§..## #...#.
.~~~ #.# ##§§§§# , #...#. ,
, ###### *##.###


You could see an acid dragon (catching breath).

Vanquished Creatures
  A polar bear (D:8)
  7 yaks
  A water moccasin (D:5)
  A black bear (D:5)
  An ice beast (D:7)
  2 sky beasts (D:7)
  An orc warrior (D:8)
  4 ogres
  3 wolves (D:8)
  A centaur (D:6)
  2 phantoms (D:5)
  3 bullfrogs
  2 kobold brigands
  Blork the orc (D:6)
  3 scorpions
  2 vampire bats (D:3)
  A crimson imp (D:3)
  4 orc priests
  2 hounds
  2 gnoll boudas
  2 sleepcaps
  2 iguanas (D:4)
  4 orc wizards
  A centaur simulacrum (D:8)
  Robin (D:2)
  7 gnolls
  5 adders
  5 white imps
  8 ufetubi
  2 dart slugs
  A worm (D:3)
  19 orcs
  8 bats
  2 bat skeletons (D:3)
  2 bat zombies (D:3)
  5 endoplasms
  3 giant cockroaches
  17 goblins
  4 hobgoblins
  8 jackals
  12 kobolds
  2 quokkas
  9 ball pythons
  7 frilled lizards
  3 rats
183 creatures vanquished.

Vanquished Creatures (others)
  A frilled lizard (D:1)
1 creature vanquished.

Grand Total: 184 creatures vanquished

Notes
Turn   | Place    | Note
-------+----------+-------------------------------------------
     0 | D:1      | fireball365 the Hill Orc Fighter began the quest for the
                  | Orb.
     0 | D:1      | Reached XP level 1. HP: 19/19 MP: 1/1
    52 | D:1      | Reached XP level 2. HP: 19/27 MP: 2/2
   496 | D:1      | Reached skill level 3 in Axes
   496 | D:1      | Reached XP level 3. HP: 34/34 MP: 3/3
  1131 | D:2      | Noticed Robin
  1146 | D:2      | Reached XP level 4. HP: 33/41 MP: 4/4
  1159 | D:2      | Killed Robin
  1444 | D:2      | Reached skill level 4 in Axes
  1825 | D:3      | Found a glowing golden altar of the Shining One.
  1860 | D:3      | Reached skill level 1 in Dodging
  1890 | D:3      | Reached XP level 5. HP: 39/47 MP: 5/5
  2040 | D:3      | Found an ancient bone altar of Kikubaaqudgha.
  2058 | D:3      | Reached skill level 5 in Axes
  2058 | D:3      | Reached XP level 6. HP: 53/53 MP: 6/6
  2317 | D:3      | Found a burning altar of Makhleb.
  2318 | D:3      | Found a radiant altar of Vehumet.
  2495 | D:4      | Found Onkoum's Jewellery Shoppe.
  2710 | D:4      | Found a blossoming altar of Fedhas.
  2737 | D:4      | Found Zele's Assorted Antiques.
  2742 | D:4      | Bought a scroll labelled DEHAHI WUALIRR for 26 gold pieces
  2742 | D:4      | Bought a scroll labelled CESITW NECSUG for 26 gold pieces
  2742 | D:4      | Bought a scroll labelled UBBEOC WUYPS for 26 gold pieces
  2742 | D:4      | Bought a fuming white potion for 23 gold pieces
  2766 | D:4      | Found a staircase to the Ecumenical Temple.
  2968 | D:4      | Found Kyroxoykk's Armour Emporium.
  3068 | D:4      | Found a hazy altar of Hepliaklqana.
  3081 | D:4      | Found a sacrificial altar of Ru.
  3087 | D:4      | Reached skill level 5 in Fighting
  3087 | D:4      | Reached skill level 6 in Axes
  3087 | D:4      | Reached XP level 7. HP: 52/61 MP: 7/7
  3198 | D:4      | Found Ixyedoekh's Weapon Emporium.
  3260 | D:4      | Found a broken altar of Ashenzari.
  3341 | D:4      | Found a stormy altar of Qazlal.
  3350 | D:5      | Entered Level 5 of the Dungeon
  3460 | D:5      | Reached skill level 5 in Armour
  3481 | D:5      | Reached skill level 7 in Axes
  3715 | D:5      | Reached XP level 8. HP: 55/70 MP: 8/8
  4827 | D:6      | Noticed Blork the orc
  4833 | D:6      | Killed Blork the orc
  4834 | D:6      | Reached skill level 8 in Axes
  5128 | D:6      | Gained mutation: You have hidden genetic potential. [potion
                  | of mutation]
  5128 | D:6      | Gained mutation: You occasionally shout uncontrollably at
                  | your foes. [potion of mutation]
  5128 | D:6      | Gained mutation: Your flesh is heat resistant. (rF+)
                  | [potion of mutation]
  5128 | D:6      | Gained mutation: You passively map a small area around you.
                  | [potion of mutation]
  5697 | D:7      | Noticed a yak
  5697 | D:7      | Noticed a yak
  5698 | D:7      | Noticed a yak
  5698 | D:7      | Noticed a yak
  5707 | D:7      | Killed a yak
  5711 | D:7      | Killed a yak
  5711 | D:7      | Killed a yak
  5711 | D:7      | HP: 2/71 [yak (7)]
  5712 | D:7      | Reached skill level 9 in Axes
  5712 | D:7      | Reached XP level 9. HP: 3/78 MP: 9/9
  6120 | D:7      | Reached skill level 5 in Shields
  6156 | D:7      | Gained mutation: You possess an exceptional clarity of
                  | mind. [hidden potential]
  6173 | D:7      | Reached skill level 1 in Stealth
  6198 | D:7      | Reached skill level 10 in Axes
  6475 | D:7      | Found an opulent altar of Gozag.
  6536 | D:7      | Became a worshipper of Gozag Ym Sagoz the Greedy
  7138 | D:8      | Reached skill level 11 in Axes
  7234 | D:8      | Found Nootizow's Antique Weapon Shop.
  7442 | D:8      | Reached XP level 10. HP: 79/88 MP: 10/10
  7814 | D:8      | Reached skill level 12 in Axes
  7838 | D:8      | Gained mutation: You have a pair of small horns on your
                  | head. [hidden potential]
  7838 | D:8      | Lost mutation: You have hidden genetic potential. [hidden
                  | potential expressed]
  8076 | D:8      | Killed from afar by an acid dragon

Illustrated notes

Levels and vault maps discovered:
D:1:      shiori_arrival_maze, layout_basic
D:2:      layout_basic, uniq_robin
D:3:      layout_rooms, grunt_temple_overflow_lords_of_destruction,
          kennysheep_vampire_church, tso_oasis_becter, minmay_tree_intersection,
          kennysheep_donut
D:4:      layout_loops_ring, mainiacjoe_overflow_alcove_4,
          nicolae_overflow_quartered_altars, minmay_temple_entry_slanted,
          serial_shops, nicolae_shop_back_alley_shop,
          nicolae_shop_real_fake_doors, shop, shop, minivault_1
D:5:      kb_forest_paths, layout_basic
D:6:      layout_basic, uniq_blork_the_orc
D:7:      layout_gridville, mainiacjoe_overflow_concentric_impassable
D:8:      nicolae_cairo_tiling, layout_loops_corners, serial_shops, shop, shop,
          serial_ice, serial_ice_b, serial_ice_e, serial_ice_c, serial_ice_g,
          serial_ice_j, serial_ice_m, serial_ice_a, serial_ice_f, serial_ice_o,
          serial_ice_n, minmay_misc_feat_more_columns, grunt_ministairs_8

Skill      XL: |  1  2  3  4  5  6  7  8  9 10 |
---------------+-------------------------------+-----
Fighting       | 4 5 6 7 8 |  8.2
Axes           | 3 4 5 6 7 9 11 12 | 12.1
Dodging        | 1 2 3 |  3.6
Armour         | 4 5 6 7 8 |  8.0
Shields        | 4 5 |  5.5
Stealth        | 1 |  1.1

Action                     |  1- 3 |  4- 6 |  7- 9 | 10-12 || total
---------------------------+-------+-------+-------+-------++-------
  Melee: War axe           |    97 |   171 |   241 |    49 ||   558
         Headbutt          |       |       |       |     1 ||     1
    Use: Scroll            |     2 |    10 |     4 |       ||    16
         Potion            |       |     1 |     4 |     1 ||     6
   Stab: Distracted        |       |       |       |     1 ||     1
 Armour: Scale mail        |    75 |   114 |   139 |    20 ||   348
         Plate armour      |       |       |       |     9 ||     9
         Skin              |       |       |       |     2 ||     2
  Dodge: Dodged            |    93 |   100 |   114 |    28 ||   335
  Block: Buckler           |    23 |    47 |    54 |    17 ||   141
